 Dungeon Crawl Stone Soup version 0.29-a0-483-g69413ace17 (webtiles) character file.

Game seed: 153769855064993012

2382 zeratav the Grappler (level 9, -8/86 (89) HPs)
             Began as a Troll Fighter on May 26, 2022.
             Was a Believer of Jiyva.
             Mangled by Maggie
             ... wielding a +2 morningstar of draining
              (11 damage)
             ... on level 7 of the Dungeon.
             The game lasted 00:11:06 (4578 turns).

zeratav the Grappler (Troll Fighter)                Turns: 4578, Time: 00:11:07

HP:   -8/86 (89)    AC:  7    Str: 36    XL:     9   Next: 22%
MP:   8/8           EV:  9    Int:  4    God:    Jiyva [**....]
Gold: 306           SH:  8    Dex: 15    Spells: 8/8 levels left

rFire   . . .      SeeInvis .     - Unarmed
rCold   . . .      Faith    .   b - +0 kite shield
rNeg    . . .      Spirit   .   a - +0 robe
rPois   .          Reflect  .   (helmet restricted)
rElec   .          Harm     .   y - +2 cloak
rCorr   +          Rampage  .   (gloves unavailable)
Will    .....                   (boots unavailable)
Stlth   +.........              (no amulet)
HPRegen 2.00/turn               g - +6 ring of strength
MPRegen 0.41/turn               w - +6 ring of dexterity

@: lethally poisoned (-8 -> -8), mesmerised, lightly drained
A: large, unfitting armour, claws 3, regeneration 1, shaggy fur 1, tough skin 1
a: Renounce Religion


You were on level 7 of the Dungeon.
You worshipped Jiyva.
Jiyva was pleased with you.
You visited 2 branches of the dungeon, and saw 8 of its levels.
You also visited: Sewer.

You collected 306 gold pieces.


Innate Abilities, Weirdness & Mutations

You are too large for most types of armour.
You have claws for hands.
Your natural rate of healing is unusually fast.
You are covered in fur. (AC +1)
You have tough skin. (AC +1)


   Skills:
 + Level 5.7 Fighting
 - Level 2.4 Dodging
 - Level 2.6 Shields
 - Level 11.0 Unarmed Combat


You had 8 spell levels left.
You didn't know any spells.
Your spell library contained the following spells:

 Spells                   Type           Power      Damage    Failure   Level
 Ensorcelled Hibernation  Hex/Ice        0%         N/A       91%         2
 Passwall                 Tmut/Erth      0%         N/A       91%         2
 Swiftness                Air            0%         N/A       99%         3
 Animate Dead             Necr           0%         N/A       100%        4
 Borgnjor's Vile Clutch   Necr/Erth      0%         N/A       100%        5
 Death Channel            Necr           0%         N/A       100%        6

Inventory:

Hand Weapons
 l - a +1 flail of protection {mace}
   (You took it off a gnoll on level 1 of the Dungeon)
Armour
 a - a +0 robe (worn)
 b - a +0 kite shield (worn)
 r - a scarf of shadows
   (You found it on level 2 of the Dungeon)
 y - a +2 cloak (worn)
   (You found it on level 4 of the Dungeon)
 A - +0 gold dragon scales {rare}
   (You found it on level 7 of the Dungeon)
 G - a +0 robe
   (You found it on level 7 of the Dungeon)
Jewellery
 g - a +6 ring of strength (left claw)
   (You found it on level 1 of the Dungeon)
 m - an amulet of magic regeneration {@e2}
   (You found it on level 4 of the Dungeon)
 w - a +6 ring of dexterity (right claw)
   (You found it in a sewer)
 B - a +6 ring of dexterity
   (You found it on level 5 of the Dungeon)
 J - an amulet of guardian spirit
   (You found it on level 7 of the Dungeon)
Wands
 f - a wand of digging (5)
   (You found it on level 4 of the Dungeon)
 x - a wand of flame (16)
   (You found it on level 4 of the Dungeon)
 K - a wand of polymorph (11)
   (You found it on level 7 of the Dungeon)
Scrolls
 c - 2 scrolls of noise {unknown}
 e - a scroll of poison {unknown}
 h - 4 scrolls of enchant armour {unknown}
 i - 4 scrolls of teleportation {unknown}
 k - a scroll of vulnerability {unknown}
 n - 2 scrolls of acquirement {unknown}
 p - 4 scrolls of identify {unknown}
 t - a scroll of silence {unknown}
 C - 2 scrolls of blinking {unknown}
 D - a scroll of enchant weapon {unknown}
 H - a scroll of fog {unknown}
 I - a scroll of fear {unknown}
Potions
 d - 4 potions of brilliance {unknown}
 j - 2 potions of cancellation {unknown}
 o - 4 potions of curing {@q1}
 q - a potion of mutation {unknown}
 s - a potion of attraction {unknown}
 u - a potion of flight {unknown}
 v - 2 potions of lignification {unknown}
 z - 2 potions of resistance {unknown}
 E - a potion of berserk rage {unknown}
 F - a potion of heal wounds {unknown}

Dungeon Overview and Level Annotations

Branches:
Dungeon (7/15)             Temple (1/1) D:4           Sewer (visited)

Altars:
Cheibriados
Dithmenos
Fedhas
Gozag
Hepliaklqana
Kikubaaqudgha
Nemelex Xobeh
Okawaru
Ru
Sif Muna
Trog
Uskayaw
Wu Jian
Yredelemnul
The Shining One
Jiyva

Shops:
D:7 *

Annotations:
D:7 Maggie

###### #..... #.....
############# #..(..
##.....#<....## #.....
#.....@@......## ####.#
#.....Y.).......#######..
#.....c..................
#...............#########
#....................## #
................####..###
#...............# ##....
##.#...........## #####
...#.....#### #


You could see Maggie (mesmerising), a sky beast and a centaur.


Message History

You hear a distant slurping noise.
You hear a distant slurping noise.
Found a stone staircase leading up.
HP[+11]
Your hp is fully restored (88).
You hear a distant slurping noise.
You hear a distant slurping noise.
You hear a distant slurping noise.
Duvessa, Sister of Dowan comes into view.
She is wielding a +0 short sword and carrying a wand of flame (30).
Duvessa shouts!
Dowan, Brother of Duvessa comes into view.
He is wielding a +2 dagger of venom.
A centaur comes into view.
The centaur wields a +0 shortbow.
The centaur shoots an arrow.
You block the arrow.
Dowan shouts!
Duvessa barely misses you.
The centaur shoots an arrow.
You block the arrow.
You mangle Duvessa!! Duvessa hits you but does no damage.
Maggie the Vainglorious comes into view.
She is wielding a +2 morningstar of draining.
You closely miss Duvessa.
Maggie shouts!
The centaur shoots an arrow.
The arrow closely misses you.
A sky beast comes into view.
Maggie smiles, but it's obviously fake.
Dowan gestures at you while chanting. The puff of frost hits you.
The centaur shoots an arrow.
You block the arrow.
HP[-1]
You take 1 damage, and now have 87/88 hp.
The sky beast flickers out of sight!
Deactivating autopickup; reactivate with Ctrl-A.
Duvessa zaps a wand.
The puff of flame hits you.
Dowan generates a fountain of clear water, and laughs cruelly.
Dowan casts a spell at you. The puff of flame hits you!
The centaur shoots an arrow.
The arrow hits you!
HP[-24]
You take 24 damage, and now have 63/88 hp.
MASSIVE DAMAGE!! (PAUSE)
You scratch Duvessa. Duvessa hits you with a +0 short sword.
Dowan hits you with a +2 dagger of venom.
You are poisoned.
The centaur shoots an arrow.
The arrow closely misses you.
HP[-4]
You take 4 damage, and now have 59/88 hp.
You feel sick.
Duvessa zaps a wand.
The puff of flame hits you.
Maggie casts a spell.
Maggie attempts to bespell you!
You are mesmerised by Maggie!
HP[-5]
You take 5 damage, and now have 54/88 hp.
You cannot move away from Maggie!
You claw Duvessa!
You kill Duvessa!
Dowan's eyes darken. "You have made a black mistake."
Dowan seems to find hidden reserves of power!
You feel sick. Dowan barely misses you.
The centaur shoots an arrow.
The arrow hits you but does no damage.
A sky beast appears from thin air!
Reactivating autopickup.
Dowan gestures wildly while chanting.
Dowan blinks!
The centaur shoots an arrow.
The arrow hits you!
* * * LOW HITPOINT WARNING * * *
HP[-11]
You take 11 damage, and now have 43/88 hp.
You cannot move away from Maggie!
Unknown command.
You feel sick.
The centaur shoots an arrow.
The arrow hits you.
* * * LOW HITPOINT WARNING * * *
HP[-3]
You take 3 damage, and now have 40/88 hp.
You barely miss Dowan.
You feel sick. You block Dowan's attack.
The centaur shoots an arrow.
The arrow hits you!
* * * LOW HITPOINT WARNING * * *
You block Dowan's attack.
HP[-7]
You take 7 damage, and now have 33/88 hp.
You mangle Dowan!!
You kill Dowan!
You feel sick.
The centaur shoots an arrow.
The arrow barely misses you.
The centaur shoots an arrow.
The arrow hits you.
* * * LOW HITPOINT WARNING * * *
HP[-2]
You now have 89 max hp (+1).
You take 2 damage, and now have 31/89 hp.
You barely miss Maggie.
You feel sick.
The centaur shoots an arrow.
The arrow hits you!
* * * LOW HITPOINT WARNING * * *
Maggie hits you with a +2 morningstar of draining!
* * * LOW HITPOINT WARNING * * *
You feel drained.
* * * LOW HITPOINT WARNING * * *
HP[-23]
You now have 86 max hp (-3).
You take 23 damage, and now have 8/86 hp.
MASSIVE DAMAGE!! (PAUSE)
You claw Maggie!
You feel sick.
The centaur shoots an arrow.
The arrow hits you.
* * * LOW HITPOINT WARNING * * *
Maggie hits you with a +2 morningstar of draining!
You die...

Skill      XL: |  1  2  3  4  5  6  7  8  9 |
---------------+----------------------------+-----
Unarmed Combat | 3 4 6 7 9 11 | 11.0
Fighting       | 4 5 |  5.7
Dodging        | |  2.4
Shields        | |  2.6

Action                   |  1- 3 |  4- 6 |  7- 9 || total
-------------------------+-------+-------+-------++-------
Melee: Unarmed           |   105 |    86 |   174 ||   365
  Use: Potion            |       |     1 |     2 ||     3
 Stab: Sleeping          |       |     1 |       ||     1
Armor: Robe              |    27 |    27 |    42 ||    96
Dodge: Dodged            |    34 |    33 |    59 ||   126
Block: Kite shield       |    42 |    37 |    76 ||   155

Levels and vault maps discovered:
D:1:      dpeg_arrival_pits, layout_basic,
          dreamdust_ecumenical_altar_hidden_monk_grotto,
          chequers_serial_rivers_micro_c
D:2:      wad_pebble_path, layout_loops_ring, basic_altar
D:3:      layout_loops_ring, chequers_temple_overflow_minitemple, uniq_grinder
D:4:      layout_rooms, minmay_temple_entry_butterflies, portal_sewer_entry_f
D:5:      layout_cave_pools, kennysheep_vampire_church,
          kennysheep_big_empty_room, uniq_menkaure
D:6:      layout_basic, mainiacjoe_overflow_24_doors, lemuel_crystal_altar
D:7:      layout_rooms, mainiacjoe_overflow_alcove_2, serial_shops,
          nicolae_inconvenience_store, st_stairs_7, uniq_duvessa, uniq_maggie
Temple:   pf_slime_end_temple

Notes
Turn   | Place    | Note
-------+----------+-------------------------------------------
     0 | D:1      | zeratav the Troll Fighter began the quest for the Orb.
     0 | D:1      | Reached XP level 1. HP: 22/22 MP: 0/0
     0 | D:1      | magus.rc [v1.9.6]
   173 | D:1      | Reached XP level 2. HP: 29/29 MP: 1/1
   299 | D:1      | Reached skill level 3 in Unarmed Combat
   376 | D:1      | Reached XP level 3. HP: 36/36 MP: 2/2
   547 | D:1      | Found a faded altar of an unknown god.
   664 | D:1      | You pick up a book of Burglary and begin reading...
   664 | D:1      | You add the spells Passwall, Ensorcelled Hibernation and
                  | Swiftness to your library.
   759 | D:2      | Found a sparkling altar of Nemelex Xobeh.
   888 | D:2      | Reached skill level 4 in Unarmed Combat
  1314 | D:3      | Reached XP level 4. HP: 39/44 MP: 3/3
  1404 | D:3      | Noticed Grinder
  1428 | D:3      | Paralysed by Grinder for 5 turns
  1443 | D:3      | Killed Grinder
  1444 | D:3      | Reached skill level 6 in Unarmed Combat
  1444 | D:3      | Reached XP level 5. HP: 36/50 MP: 4/4
  1444 | D:3      | Reached XP level 6. HP: 42/59 MP: 5/5
  1571 | D:3      | Found a faded altar of an unknown god.
  1571 | D:3      | Found a faded altar of an unknown god.
  1579 | D:3      | Found an ornate altar of the Wu Jian Council.
  1581 | D:3      | Found a sacrificial altar of Ru.
  1583 | D:3      | Found a sparkling altar of Nemelex Xobeh.
  2234 | D:4      | Found a glowing drain.
  2255 | Sewer    | Entered a sewer
  2264 | Sewer    | Noticed Pargi
  2271 | Sewer    | Killed Pargi
  2272 | Sewer    | Reached skill level 7 in Unarmed Combat
  2597 | D:4      | Reached XP level 7. HP: 41/66 MP: 6/6
  2696 | D:4      | Found a staircase to the Ecumenical Temple.
  2703 | Temple   | Entered the Ecumenical Temple
  2827 | Temple   | Became a worshipper of Jiyva Jotzik the Shapeless
  2883 | D:5      | Entered Level 5 of the Dungeon
  2900 | D:5      | Reached skill level 8 in Unarmed Combat
  3153 | D:5      | Killed Menkaure
  3271 | D:5      | Found an ancient bone altar of Kikubaaqudgha.
  3298 | D:5      | Reached * piety under Jiyva
  3315 | D:5      | Reached skill level 9 in Unarmed Combat
  3549 | D:6      | Noticed a steam dragon
  3558 | D:6      | Killed a steam dragon
  3559 | D:6      | Reached XP level 8. HP: 71/74 MP: 7/7
  3580 | D:6      | Found a shadowy altar of Dithmenos.
  3595 | D:6      | Reached skill level 10 in Unarmed Combat
  3851 | D:6      | You pick up a book of Unlife and begin reading...
  3851 | D:6      | You add the spells Animate Dead, Borgnjor's Vile Clutch and
                  | Death Channel to your library.
  3932 | D:6      | Reached ** piety under Jiyva
  3943 | D:6      | Reached skill level 11 in Unarmed Combat
  3947 | D:6      | Reached skill level 3 in Fighting
  3978 | D:6      | Found a shimmering blue altar of Sif Muna.
  3993 | D:6      | Reached skill level 4 in Fighting
  4280 | D:7      | Reached XP level 9. HP: 85/85 MP: 8/8
  4284 | D:7      | Identified +0 gold dragon scales
  4285 | D:7      | A - +0 gold dragon scales {rare}
  4316 | D:7      | Found a hide-covered altar of Uskayaw.
  4345 | D:7      | Found Moygon's General Store.
  4486 | D:7      | Paralysed by a hornet for 3 turns
  4491 | D:7      | HP: 20/85 [hornet (13)]
  4493 | D:7      | HP: 4/85 [hornet (6)]
  4496 | D:7      | Reached skill level 5 in Fighting
  4498 | D:7      | HP: 14/88 [poisoned by a hornet]
  4564 | D:7      | Noticed Duvessa
  4565 | D:7      | Noticed Dowan
  4568 | D:7      | Noticed Maggie
  4573 | D:7      | Killed Duvessa
  4576 | D:7      | Killed Dowan
  4577 | D:7      | HP: 9/89 [Maggie/+2 morningstar of draining (14)]
  4578 | D:7      | HP: 3/86 [centaur/arrow (5)]
  4578 | D:7      | Mangled by Maggie

Vanquished Creatures
  Grinder (D:3)
  A hornet (D:7)
  2 steam dragons (D:6)
  Duvessa (D:7)
  Pargi (Sewer)
  An orc warrior (D:6)
  An ice beast (D:6)
  A black bear (D:6)
  A phantom (D:5)
  2 bullfrogs (D:6)
  A necrophage (D:6)
  3 scorpions
  Dowan (D:7)
  A vampire bat (D:5)
  6 hounds
  2 gnoll shamans
  An orc priest (D:7)
  3 iguanas
  3 orc wizards (D:6)
  13 gnolls
  8 adders
  2 ufetubi
  3 dart slugs
  12 orcs
  7 ball pythons
  4 bat skeletons (D:5)
  2 bat zombies (D:5)
  6 endoplasms
  4 giant cockroaches
  4 goblins
  4 hobgoblins
  7 jackals
  8 kobolds
  5 quokkas
  11 bats
  4 frilled lizards
  8 rats
145 creatures vanquished.

Vanquished Creatures (others)
  Menkaure (D:5)
  2 jellies (D:6)
  2 orc priests
  An orc wizard (D:6)
  A dart slug (D:5)
  10 orcs
17 creatures vanquished.

Grand Total: 162 creatures vanquished

Table legend:
 A = Non-vault XP
 B = Vault XP
 C = Vault XP percentage of total XP
 D = Non-vault monster count
 E = Vault monster count
 F = Vault count percentage of total count
                 A         B        C        D         E       F
            +---------+---------+-------+---------+---------+-------
      Total |    2684 |     719 |  21.1 |     126 |      19 |  13.1
            +---------+---------+-------+---------+---------+-------
        D:1 |      61 |       0 |   0.0 |      29 |       0 |   0.0
        D:2 |      24 |       0 |   0.0 |      15 |       0 |   0.0
        D:3 |      74 |     290 |  79.7 |      15 |       1 |   6.2
        D:4 |     154 |       8 |   4.9 |      13 |       4 |  23.5
        D:5 |     385 |      69 |  15.2 |      14 |       7 |  33.3
        D:6 |    1484 |       0 |   0.0 |      28 |       0 |   0.0
        D:7 |     502 |     209 |  29.4 |      12 |       2 |  14.3
      Sewer |       0 |     143 | 100.0 |       0 |       5 | 100.0
            +---------+---------+-------+---------+---------+-------

Illustrated notes

Table legend:
 A = Kills in this place as a percentage of kills in entire the game.
 B = Kills by you in this place as a percentage of kills by you in the entire game.
 C = Kills by friends in this place as a percentage of kills by friends in the entire game.
 D = Other kills in this place as a percentage of other kills in the entire game.
 E = Experience gained in this place as a percentage of experience gained in the entire game.
 F = Experience gained in this place divided by the number of levels of this place that you have seen.
                   A       B       C       D       E      F
               +-------+-------+-------+-------+-------+----------------------
         Total | 100.0 | 100.0 |   N/A |   N/A | 100.0 | 378.1
       Dungeon |  96.6 |  96.6 |   N/A |   N/A |  95.8 | 465.7
         Sewer |   3.4 |   3.4 |   N/A |   N/A |   4.2 | 143.0
               +-------+-------+-------+-------+-------+----------------------

Table legend: (Time is in decaauts)
 A = Elapsed time spent in this place.
 B = Non-inter-level travel time spent in this place.
 C = Inter-level travel time spent in this place.
 D = Time resting spent in this place.
 E = Time spent auto-exploring this place.
 F = Levels seen in this place.
 G = Mean time per level.
                   A        B        C        D        E       F      G
               +--------+--------+--------+--------+--------+-----+--------+
         Total |   4594 |   4413 |    181 |    157 |   3296 |   9 |  510.4 |
       Dungeon |   4295 |   4134 |    161 |    157 |   3085 |   7 |  613.6 |
        Temple |    140 |    121 |     19 |      0 |    103 |   1 |  140.0 |
         Sewer |    158 |    158 |      0 |      0 |    108 |   1 |  158.0 |
               +--------+--------+--------+--------+--------+-----+--------+

Top non-repeatable levels by time:
     D:3: 763 daAuts
     D:1: 731 daAuts
     D:6: 716 daAuts
     D:5: 596 daAuts
     D:2: 579 daAuts
     D:4: 529 daAuts
     D:7: 379 daAuts
   Sewer: 158 daAuts
  Temple: 140 daAuts
